 Dungeon Crawl Stone Soup version 0.26-a0-858-gbf766624f9 (webtiles) character file.

Game seed: 11937787261526355840

22686 robertstho the Brawler (level 12, -2/118 HPs)
             Began as a Troll Fighter on Nov 24, 2020.
             Was a Priest of Wu Jian.
             Slain by a boulder beetle (19 damage)
             ... on level 14 of the Dungeon.
             The game lasted 00:19:23 (10645 turns).

robertstho the Brawler (Troll Fighter)             Turns: 10645, Time: 00:19:23

Health: -2/118     AC: 16    Str: 30    XL:     12   Next: 65%
Magic:  0/11       EV: 11    Int:  5    God:    Wu Jian [***...]
Gold:   751        SH: 11    Dex:  9    Spells: 11/11 levels left

rFire    . . .     SeeInvis .     - Unarmed
rCold    . . .     Faith    .   b - +0 kite shield
rNeg     . . .     Spirit   +   H - +0 acid dragon scales
rPois    .         Reflect  .   F - +2 hat
rElec    .         Harm     .   (no cloak)
rCorr    +         Rampage  .   (gloves unavailable)
MR       .....                  (boots unavailable)
Stlth    +.........             v - amulet of guardian spirit
HPRegen  0.69/turn              h - +4 ring of protection
MPRegen  0.12/turn              u - ring of attention (curse)

@: serpent's lash
A: large, unfitting armour, claws 3, regeneration 1, shaggy fur 1, tough skin 3
a: Wall Jump, Serpent's Lash, Renounce Religion


You were on level 14 of the Dungeon.
You worshipped Wu Jian.
Wu Jian was most pleased with you.
You visited 2 branches of the dungeon, and saw 14 of its levels.

You collected 908 gold pieces.
You spent 157 gold pieces at shops.

Inventory:

Hand Weapons
 w - a +2 scimitar of flaming
Armour
 b - a +0 kite shield (worn)
 B - a +1 robe of magic resistance
 F - a +2 hat (worn)
 H - +0 acid dragon scales (worn)
Jewellery
 g - an uncursed ring of protection from magic
 h - a +4 ring of protection (left claw)
 m - an uncursed ring of fire {unknown}
 n - an uncursed ring of protection from cold
 o - an uncursed amulet of regeneration
 u - a cursed ring of attention (right claw)
 v - an amulet of guardian spirit (around neck)
 A - an uncursed ring of protection from magic
Wands
 j - a wand of iceblast (7)
 p - a wand of random effects (6)
Scrolls
 d - 5 scrolls of remove curse
 f - 4 scrolls of magic mapping
 i - 2 scrolls of blinking
 k - 3 scrolls of enchant armour
 l - 2 scrolls of random uselessness {unknown}
 q - a scroll of fog
 r - 5 scrolls of teleportation
 s - 2 scrolls of enchant weapon
 t - a scroll of fear
 z - a scroll of summoning {unknown}
Potions
 a - 2 potions of magic
 c - 2 potions of might
 e - 4 potions of lignification
 x - a potion of brilliance
 C - a potion of curing


   Skills:
 * Level 7.4 Fighting
 + Level 1.4 Long Blades
 + Level 2.0 Maces & Flails
 + Level 2.1 Armour
 + Level 5.9 Dodging
 + Level 2.9 Stealth
 + Level 6.6 Shields
 * Level 15.3 Unarmed Combat
 + Level 0.3 Evocations


You had 11 spell levels left.
You didn't know any spells.
Your spell library contained the following spells:

 Spells                   Type           Power        Failure   Level
 Corona                   Hex            #......      71%         1
 Magic Dart               Conj           #...         71%         1
 Blink                    Tloc           N/A          85%         2
 Call Imp                 Summ           #.......     85%         2
 Ensorcelled Hibernation  Hex/Ice        #.....       85%         2
 Slow                     Hex            #.......     85%         2
 Confusing Touch          Hex            #.......     97%         3
 Conjure Flame            Conj/Fire      #.......     97%         3
 Dazzling Flash           Conj/Hex       #.....       97%         3
 Mephitic Cloud           Conj/Pois/Air  #.......     97%         3
 Tukima's Dance           Hex            #.......     97%         3
 Bolt of Magma            Conj/Fire/Erth #.........   100%        5
 Iskenderun's Battlesphe  Conj           #.......     100%        5
 Iron Shot                Conj/Erth      #.........   100%        6
 Orb of Destruction       Conj           #.........   100%        7
 Spellforged Servitor     Conj/Summ      #.........   100%        7


Dungeon Overview and Level Annotations

Branches:
Dungeon (14/15)            Temple (1/1) D:6            Lair (0/6) D:8
    Orc: D:9-12      Vaults: D:13-14

Altars:
Ashenzari
Cheibriados
Dithmenos
Elyvilon
Fedhas
Gozag
Hepliaklqana
Kikubaaqudgha
Makhleb
Nemelex Xobeh
Okawaru
Qazlal
Ru
Sif Muna
Trog
Uskayaw
Vehumet
Wu Jian
Xom
Yredelemnul
Zin
The Shining One

Shops:
D:7 *


Innate Abilities, Weirdness & Mutations

You are too large for most types of armour.
You have claws for hands.
Your natural rate of healing is unusually fast.
You are covered in fur. (AC +1)
You have extremely tough skin. (AC +3)


Message History

The boulder beetle is lightly wounded.
You scratch the boulder beetle but do no damage.
The boulder beetle is lightly wounded.
The boulder beetle bites you!
* * * LOW HITPOINT WARNING * * *
You scratch the boulder beetle but do no damage.
The boulder beetle is lightly wounded.
The boulder beetle bites you.
* * * LOW HITPOINT WARNING * * *
You scratch the boulder beetle but do no damage.
The boulder beetle is lightly wounded.
Okay, then.
Your muscles tense, ready for explosive movement...
You eviscerate the boulder beetle!!!
The boulder beetle is severely wounded.
You block the boulder beetle's attack.
You mangle the boulder beetle!!
The boulder beetle is almost dead.
The boulder beetle bites you!!
You die...

**,,,,,,,,,,,,,,,,,,,,,**,*
***,,******#..#*####*,*****,*
****,,,**∩,,,,#..#....,*.# **,**
**,,,****,,,,,#..#...,,#.#***,,,,
,,,,,* *,,,,,#..#..,,,#..,,,,,,*
,,**,* *.,,,,#..'.,,,,#.#***,,,*
,,**,****...,,#..',,,,,#.# **,**
,,**,,,,*###''#..#######.# ****
****,**,,......B@.†))....# * *
*,**,,..........).((..# * *
*,**,*###''#..#######(# *
*,**,*....,#..',5...#.# *
****,**,*...,,#..'.....#.# *
,,,,,,,,*..,,,#..#.....#.# *
****,****.,,,,#..#.....#.# * *,*
*,,,,,#..#....$#.# * *,*
****###..#######.######**


You could see a boulder beetle.

Vanquished Creatures
  An ironheart preserver (D:14)
  2 centaur warriors (D:14)
  A hydra (D:11)
  3 death yaks
  Erica (D:8)
  4 two-headed ogres
  An unseen horror (D:14)
  4 ugly things
  3 deep elf magi
  An elephant (shapeshifter) (D:14)
  A centaur zombie (D:12)
  A centaur skeleton (D:11)
  Maggie (D:7)
  A gargoyle (D:10)
  A tengu conjurer (D:14)
  2 trolls
  Prince Ribbit (D:5)
  A hornet (D:9)
  A vampire (D:14)
  Eustachio (D:5)
  12 yaks
  2 wyverns
  Menkaure (D:5)
  2 vampire mosquitoes (D:9)
  2 acid dragons
  2 water moccasins (D:11)
  2 orc warriors (D:11)
  A swamp drake (D:10)
  2 ice beasts
  4 sky beasts
  A black bear (D:7)
  2 phantoms
  9 centaurs
  4 ogres
  4 big kobolds
  9 bullfrogs
  3 scorpions
  15 killer bees
  9 wights
  3 howler monkeys (D:4)
  An electric eel (D:9)
  A crimson imp (D:10)
  A quasit (D:14)
  5 hounds
  An iron imp (D:10)
  A bullfrog skeleton (D:5)
  2 jellies
  11 orc wizards
  6 orc priests
  An iguana (D:9)
  10 worker ants
  2 hound skeletons (D:6)
  A worker ant zombie (D:6)
  10 adders
  4 river rats
  3 shadow imps
  2 white imps
  2 ufetubi
  3 oozes
  An adder zombie (D:8)
  4 worms
  A dart slug (D:1)
  A leopard gecko (D:10)
  46 orcs
  5 bats
  7 giant cockroaches
  9 hobgoblins
  11 jackals
  14 kobolds
  8 quokkas
  2 ball pythons
  7 frilled lizards
  5 goblins
  A jackal zombie (D:6)
  A leopard gecko skeleton (D:2)
  4 rats
315 creatures vanquished.

Vanquished Creatures (others)
  An orc wizard (D:10)
1 creature vanquished.

Grand Total: 316 creatures vanquished

Notes
Turn   | Place    | Note
-------+----------+-------------------------------------------
     0 | D:1      | robertstho the Troll Fighter began the quest for the Orb.
     0 | D:1      | Reached XP level 1. HP: 22/22 MP: 0/0
   242 | D:1      | Reached XP level 2. HP: 29/29 MP: 1/1
   879 | D:2      | Found a faded altar of an unknown god.
   951 | D:2      | Reached XP level 3. HP: 36/36 MP: 2/2
   954 | D:2      | Found a sacrificial altar of Ru.
  1056 | D:2      | Reached skill level 3 in Unarmed Combat
  1056 | D:2      | Reached XP level 4. HP: 33/44 MP: 3/3
  1612 | D:3      | Found an iron altar of Okawaru.
  1678 | D:3      | Reached XP level 5. HP: 47/53 MP: 4/4
  2179 | D:4      | Reached skill level 4 in Unarmed Combat
  2347 | D:4      | Noticed an ogre
  2356 | D:4      | Killed an ogre
  2357 | D:4      | Reached XP level 6. HP: 52/61 MP: 5/5
  2381 | D:4      | Reached skill level 5 in Unarmed Combat
  2963 | D:5      | Entered Level 5 of the Dungeon
  3048 | D:5      | Noticed Menkaure
  3055 | D:5      | Killed Menkaure
  3056 | D:5      | Reached XP level 7. HP: 21/67 MP: 6/6
  3234 | D:5      | Found a bloodstained altar of Trog.
  3256 | D:5      | Reached skill level 6 in Unarmed Combat
  3266 | D:5      | Noticed Prince Ribbit
  3304 | D:5      | Killed Prince Ribbit
  3439 | D:5      | Noticed Eustachio
  3461 | D:5      | Killed Eustachio
  3462 | D:5      | Reached skill level 7 in Unarmed Combat
  3592 | D:5      | Reached XP level 8. HP: 78/78 MP: 7/7
  4068 | D:6      | Reached skill level 1 in Stealth
  4191 | D:6      | Found a staircase to the Ecumenical Temple.
  4207 | D:6      | Reached skill level 8 in Unarmed Combat
  4209 | Temple   | Entered the Ecumenical Temple
  4355 | Temple   | Became a worshipper of the Wu Jian Council
  4732 | D:6      | Found a shimmering altar of Xom.
  5172 | D:7      | Reached skill level 9 in Unarmed Combat
  5394 | D:7      | Reached XP level 9. HP: 85/85 MP: 8/8
  5471 | D:7      | Found Ecick's General Store.
  5476 | D:7      | Bought a scroll of fear for 52 gold pieces
  5476 | D:7      | Bought a potion of berserk rage for 75 gold pieces
  5476 | D:7      | Bought a scroll of identify for 30 gold pieces
  5931 | D:7      | Got a translucent flail
  5931 | D:7      | Identified the cursed +1 flail of Blood-Lust {vorpal,
                  | Stlth+} (You found it on level 7 of the Dungeon)
  6204 | D:7      | Noticed Maggie
  6220 | D:7      | Killed Maggie
  6480 | D:8      | Found a shimmering blue altar of Sif Muna.
  6486 | D:8      | Noticed Erica
  6494 | D:8      | Killed Erica
  6494 | D:8      | Reached * piety under Wu Jian
  6495 | D:8      | Reached skill level 1 in Maces & Flails
  6495 | D:8      | Reached skill level 10 in Unarmed Combat
  6540 | D:8      | Reached skill level 5 in Fighting
  6594 | D:8      | Found a shadowy altar of Dithmenos.
  6594 | D:8      | Noticed a death yak
  6614 | D:8      | Killed a death yak
  6615 | D:8      | Reached XP level 10. HP: 24/96 MP: 9/9
  6621 | D:8      | Found a staircase to the Lair.
  6621 | D:8      | Noticed a death yak
  6782 | D:8      | Noticed a death yak
  6812 | D:7      | Reached skill level 11 in Unarmed Combat
  6864 | D:7      | Killed a death yak
  6921 | D:7      | Killed a death yak
  7032 | D:8      | Reached skill level 5 in Shields
  7287 | D:9      | Noticed a two-headed ogre
  7294 | D:9      | Killed a two-headed ogre
  7295 | D:9      | Reached skill level 12 in Unarmed Combat
  7741 | D:9      | Noticed a two-headed ogre
  7745 | D:9      | Killed a two-headed ogre
  7746 | D:9      | Reached XP level 11. HP: 105/105 MP: 10/10
  7845 | D:9      | Reached ** piety under Wu Jian
  8040 | D:10     | Entered Level 10 of the Dungeon
  8064 | D:9      | Reached skill level 5 in Dodging
  8239 | D:10     | Reached skill level 13 in Unarmed Combat
  8631 | D:10     | Reached *** piety under Wu Jian
  8826 | D:10     | Noticed a deep elf mage
  8837 | D:10     | Killed a deep elf mage
  8874 | D:10     | Noticed a deep elf mage
  8876 | D:10     | Killed a deep elf mage
  9097 | D:11     | Noticed an eight-headed hydra
  9110 | D:11     | Killed a one-headed hydra
  9246 | D:11     | Noticed a two-headed ogre
  9251 | D:11     | Killed a two-headed ogre
  9252 | D:11     | Reached skill level 1 in Long Blades
  9252 | D:11     | Reached skill level 14 in Unarmed Combat
  9267 | D:11     | Noticed a red ugly thing
  9278 | D:11     | Killed a red ugly thing
  9520 | D:11     | Reached **** piety under Wu Jian
  9522 | D:11     | Reached XP level 12. HP: 78/115 MP: 6/11
 10354 | D:11     | Noticed a two-headed ogre
 10361 | D:11     | Killed a two-headed ogre
 10482 | D:12     | You fall into a shaft and drop 2 floors!
 10542 | D:14     | Reached skill level 1 in Armour
 10558 | D:14     | Noticed a centaur warrior
 10559 | D:14     | Noticed a centaur warrior
 10567 | D:14     | Killed a centaur warrior
 10572 | D:14     | Killed a centaur warrior
 10585 | D:14     | Reached skill level 15 in Unarmed Combat
 10617 | D:14     | Noticed an ironheart preserver
 10629 | D:14     | Killed an ironheart preserver
 10636 | D:14     | Noticed a boulder beetle
 10645 | D:14     | Slain by a boulder beetle

Illustrated notes

Levels and vault maps discovered:
D:1:      lemuel_arrival_room, layout_basic, minmay_indecisive_spiral
D:2:      layout_loops_ring, general_overflow_altar,
          chequers_ecumenical_altar_island, chequers_serial_rivers_large_a
D:3:      layout_rooms, okawaru_trees_1
D:4:      layout_basic, minmay_misc_feat_room
D:5:      layout_basic, lightli_temple_of_fire, uniq_prince_ribbit1,
          uniq_menkaure, uniq_eustachio
D:6:      layout_basic, marbit_many_paths, minmay_temple_entry_drinking_statues
D:7:      minmay_skewed_foursquare, layout_loops_cross, serial_co_window_serial,
          co_window_of_opportunity_a, co_window_cross_1, co_window_corner_a,
          co_window_corner_a, co_window_of_opportunity_a, co_window_paths_a,
          co_window_paths_a, co_window_corner_b, co_window_of_opportunity_b,
          co_window_broadway_a, co_window_cross_4, serial_shops,
          nicolae_shop_statue_plus, uniq_maggie
D:8:      layout_cave_pools, nicolae_overflow_crystal_walls,
          overflow_temple_1_default, dpeg_lair_monsters, uniq_erica
D:9:      layout_basic
D:10:     layout_rooms, hangedman_minor_magic
D:11:     layout_grid_maze
D:12:     layout_irregular_city, erik_orc_2
D:14:     layout_loops_ring, skrybe_vaults_entry_preservation,
          gauntlet_entry_generic, basic_altar, minmay_misc_feat_rugged,
          uniq_rupert
Temple:   minmay_crystal_spiral_temple

Skill      XL: |  1  2  3  4  5  6  7  8  9 10 11 12 |
---------------+-------------------------------------+-----
Unarmed Combat | 3 4 5 7 9 10 12 14 15 | 15.3
Fighting       | 3 4 5 6 7 |  7.4
Shields        | 3 4 5 6 |  6.6
Dodging        | 3 4 5 |  5.9
Stealth        | 1 2 |  2.9
Maces & Flails | 1 2 |  2.0
Long Blades    | 1 |  1.4
Armour         | 2 |  2.1
Evocations     | |  0.3

Action                   |  1- 3 |  4- 6 |  7- 9 | 10-12 || total
-------------------------+-------+-------+-------+-------++-------
Melee: Unarmed           |   104 |   154 |   238 |   542 ||  1038
       Flail             |       |       |    16 |       ||    16
       Scimitar          |       |       |       |    10 ||    10
Invok: Lunge             |       |       |    14 |    34 ||    48
       Whirlwind         |       |       |       |     5 ||     5
       Serpent's Lash    |       |       |       |     3 ||     3
 Abil: Wall Jump         |       |       |       |     1 ||     1
Evoke: Wand              |       |       |     5 |     1 ||     6
  Use: Scroll            |       |       |    11 |     6 ||    17
       Potion            |       |       |     5 |     2 ||     7
 Stab: Sleeping          |     1 |       |     4 |     8 ||    13
       Paralysed         |       |       |     3 |       ||     3
       Distracted        |       |       |       |     1 ||     1
Armor: Robe              |    41 |    41 |    56 |       ||   138
       Skin              |       |       |     1 |       ||     1
       Steam dragon scal |       |       |    26 |   132 ||   158
       Acid dragon scale |       |       |       |    84 ||    84
Dodge: Dodged            |    20 |    34 |    55 |   182 ||   291
Block: Kite shield       |    38 |    67 |    87 |   263 ||   455

Table legend: (Time is in decaauts)
 A = Elapsed time spent in this place.
 B = Non-inter-level travel time spent in this place.
 C = Inter-level travel time spent in this place.
 D = Time resting spent in this place.
 E = Time spent auto-exploring this place.
 F = Levels seen in this place.
 G = Mean time per level.
                   A        B        C        D        E       F      G
               +--------+--------+--------+--------+--------+-----+--------+
         Total |  10571 |  10040 |    531 |    400 |   7822 |  14 |  755.1 |
       Dungeon |  10393 |   9947 |    446 |    400 |   7731 |  13 |  799.5 |
        Temple |    177 |     92 |     85 |      0 |     91 |   1 |  177.0 |
               +--------+--------+--------+--------+--------+-----+--------+

Top non-repeatable levels by time:
     D:7: 1567 daAuts
    D:11: 1422 daAuts
     D:5: 1040 daAuts
     D:9: 992 daAuts
     D:4: 948 daAuts
     D:6: 926 daAuts
     D:2: 794 daAuts
     D:1: 760 daAuts
    D:10: 741 daAuts
     D:8: 535 daAuts
     D:3: 471 daAuts
  Temple: 177 daAuts
    D:14: 140 daAuts
    D:12: 53 daAuts
